 Dungeon Crawl Stone Soup version 0.32-a0-433-g08bcfe7efd (webtiles) character file.

Game seed: 13629976715037584479

3822 Ambrosia the Fighter (level 10, -13/117 (123) HPs)
             Began as a Coglin Gladiator on Feb 22, 2024.
             Was a Follower of Wu Jian.
             Mangled by a two-headed ogre
             ... wielding a +0 giant spiked club
             ... summoned by an orange crystal statue
              (20 damage)
             ... on level 9 of the Dungeon.
             The game lasted 00:11:06 (8412 turns).

Ambrosia the Fighter (Coglin Gladiator)             Turns: 8412, Time: 00:11:06

HP:   -13/117 (123) AC: 22    Str: 16    XL:     10   Next: 17%
MP:   2/10          EV: 11    Int:  7    God:    Wu Jian [*.....]
Gold: 507           SH:  5    Dex: 19    Spells: 9/9 levels left

rFire   . . .        a - +1 war axe {Synnove}
rCold   . . .        o - +2 war axe (protect) {Edeltraud}
rNeg    . . .        p - +0 chain mail
rPois   +            B - +1 helmet
rElec   .            (no cloak)
rCorr   .            k - +2 pair of gloves
SInv    .            (no boots)
Will    +....        n - amulet of reflection Stlth
                     P - ring of poison resistance
HPRegen 0.39/turn    E - ring of willpower
MPRegen 0.12/turn

%: reflection
@: mighty, berserking, under a protective aura, immotile, studying Ranged
Weapons, lightly drained, revved, very quick
A: off-hand wielding, slow wielding, warmup strikes, legs shutdown
a: Renounce Religion


You were on level 9 of the Dungeon.
You worshipped Wu Jian.
Wu Jian was aware of your devotion.
You visited 2 branches of the dungeon, and saw 10 of its levels.

You collected 581 gold pieces.
You spent 74 gold pieces at shops.


Innate Abilities, Weirdness & Mutations

You can wield a second weapon in your off-hand.
It takes a long time for you to wield or remove held weapons.
Your first few attacks do less damage.
Attacking and casting redirects power from your legs.


   Skills:
 * Level 8.7 Fighting
 + Level 6.4 Axes
 - Level 1.7 Throwing
 + Level 5.0 Armour
 * Level 8.2 Dodging


You had 9 spell levels left.
You didn't know any spells.
Your spell library contained the following spells:

 Spells                   Type           Power      Damage    Failure   Level
 Tukima's Dance           Hex            0%         N/A       100%        3
 Passage of Golubria      Tloc           0%         N/A       100%        4
 Yara's Violent Unravell  Hex/Alch       0%         3d3       100%        5

Inventory:

Hand Weapons
 a - a +1 war axe (weapon) {Synnove}
 o - a +2 war axe of protection (offhand) {Edeltraud}
   (You took it off an orc priest on level 3 of the Dungeon)
Missiles
 d - 3 throwing nets {=f!f}
 e - a javelin
 s - 33 poisoned darts (quivered)
 t - 9 boomerangs
Armour
 k - a +2 pair of gloves (worn)
   (You found it on level 2 of the Dungeon)
 p - a +0 chain mail (worn)
   (You took it off an orc priest on level 3 of the Dungeon)
 q - the +10 tower shield of Ignorance {rN+ Int-4}
   (You found it on level 9 of the Dungeon)

   Int-4:     It affects your intelligence (-4).
   rN+:       It protects you from negative energy.
 B - a +1 helmet (worn)
   (You found it on level 5 of the Dungeon)
Jewellery
 n - an amulet of reflection (around neck)
   (You found it on level 2 of the Dungeon)
 E - a ring of willpower (right grasper)
   (You found it on level 8 of the Dungeon)
 P - a ring of poison resistance (left grasper)
   (You found it on level 6 of the Dungeon)
Wands
 b - a wand of polymorph (7)
   (You took it off Natasha on level 3 of the Dungeon)
 r - a wand of paralysis (5)
   (You took it off Ijyb on level 3 of the Dungeon)
 w - a wand of acid (9)
   (You found it on level 4 of the Dungeon)
 A - a wand of flame (25)
   (You found it on level 6 of the Dungeon)
Scrolls
 y - a scroll of poison
 F - a scroll of vulnerability
Potions
 c - a potion of brilliance
 f - a potion of enlightenment
 g - 2 potions of attraction
 h - 4 potions of mutation {unknown}
 i - a potion of magic
 j - 4 potions of degeneration {unknown}
 l - 2 potions of heal wounds {unknown}
 m - 2 potions of lignification {unknown}
 u - a potion of invisibility {unknown}
 v - 2 potions of resistance {unknown}
 z - a potion of curing {unknown}
 D - 2 potions of haste {unknown}

Dungeon Overview and Level Annotations

Branches:
Dungeon (9/15) Zot: 26657  Temple (1/1) D:7 Zot: 5974
   Lair: D:8-11         Orc: D:9-12

Altars:
Ashenzari
Cheibriados
Elyvilon
Fedhas
Gozag
Hepliaklqana
Kikubaaqudgha
Makhleb
Nemelex Xobeh
Okawaru
Qazlal
Ru
Sif Muna
Uskayaw
Vehumet
Wu Jian
Xom
Yredelemnul
Zin
The Shining One

Shops:
D:1 (   D:4 !

Annotations:
D:9 1 runed translucent door, exclusion: 4 orange crystal statues

................').....
................#......
#######.......###.#####
##.....#.......#...#
.......#.......#...#
.......#.......#...#
#......#.......#...#
.......#......'.......#...#
.......#......@yo.....#...#
.......########O......#...##
.(.............{....###.....
.z..................#.....#
.........####'###...#.....#
.........#......#...'.....#
#..#......#...#.....#
#.†#.....o#...#.....#
#..#..†...............


You could see a two-headed ogre (summoned), an orc warrior (summoned) and a
killer bee (summoned).


Message History

😱 MP[+1] 😱 HP[+1]
You spin and attack the killer bee.
You barely miss the killer bee with your +2 war axe of protection.
You hit the killer bee with your +1 war axe.
The killer bee stings you.
* * * LOW HITPOINT WARNING * * *
There is a large open door here. 😱 HP[-4]
You take 4 damage, and now have 3/78 hp.
Hit: a) +1 war axe {Synnove}
Press: ? - help, Dir - move target, f - killer bee
Aim: a killer bee (heavily wounded, summoned, about 56% to evade your +1 war axe)
You slash the killer bee with your +2 war axe of protection!
Your weapon exudes an aura of protection.
You kill the killer bee!
The killer bee's corpse dissolves into shadows!
You closely miss the killer bee with your +2 war axe of protection.
You closely miss the killer bee with your +1 war axe.
The killer bee barely misses you.
You block the killer bee's attack. 😱 HP[+1] Unknown command.
Hit: a) +1 war axe {Synnove}
Press: ? - help, Dir - move target, f - killer bee
Aim: a killer bee (moderately wounded, summoned, about 56% to evade your +1 war axe)
You slice the killer bee with your +1 war axe!!
You kill the killer bee!
The killer bee's corpse dissolves into shadows!
Unknown command.
Unknown command.
Hit: a) +1 war axe {Synnove}
Press: ? - help, Dir - move target, f - you That would be overly suicidal.
Okay, then.
Unknown command.
Hit: a) +1 war axe {Synnove}
Press: ? - help, Dir - move target You barely miss something with your +2 war axe of protection.
You barely miss something with your +1 war axe.
You block something's attack.
Something bites you but does no damage. 😱 HP[+1] Unknown command.
Hit: a) +1 war axe {Synnove}
Press: ? - help, Dir - move target You slash something with your +2 war axe of protection!
You hit something with your +1 war axe.
The orc warrior seems to regain its courage.
You block something's attack. Something bites you but does no damage.
Unknown command.
Hit: a) +1 war axe {Synnove}
Press: ? - help, Dir - move target You barely miss something with your +1 war axe.
You closely miss something with your +2 war axe of protection.
Something hits you.
* * * LOW HITPOINT WARNING * * *
You block something's attack. Something hits you but does no damage.
Something bites you but does no damage. 😱 HP[-2] MP[+1]
You take 2 damage, and now have 3/78 hp.
Unknown command.
Okay, then.
A red film seems to cover your vision as you go berserk!
You feel yourself moving faster!
You feel mighty!
You are no longer unable to travel.
Something hits you but does no damage.
Something bites you but does no damage. 😱 HP[+3]
You now have 117 max hp (+39).
You regained 3 hp, and now have 6/117 hp.
Hit: a) +1 war axe {Synnove}
Press: ? - help, Dir - move target You hit something with your +2 war axe of protection.
You hit something with your +1 war axe.
Unknown command.
Hit: a) +1 war axe {Synnove}
Press: ? - help, Dir - move target You miss something with your +1 war axe.
You miss the killer bee with your +1 war axe.
You slash something with your +2 war axe of protection!
Reactivating autopickup.
You miss the killer bee with your +2 war axe of protection.
You block the killer bee's attack.
Unknown command.
Hit: a) +1 war axe {Synnove}
Press: ? - help, Dir - move target, f - killer bee
Aim: a killer bee (summoned, about 56% to evade your +1 war axe)
You barely miss the killer bee with your +1 war axe.
You slash the killer bee with your +2 war axe of protection!
You block the killer bee's attack.
The killer bee stings you but does no damage.
Unknown command.
Hit: a) +1 war axe {Synnove}
Press: ? - help, Dir - move target, f - two-headed ogre, p - killer bee
Aim: a two-headed ogre, wielding a +0 giant spiked club and a +0 giant club (severely wounded, summoned, about 21% to evade your +1 war axe)
You slash the two-headed ogre with your +2 war axe of protection!
You hit the killer bee with your +2 war axe of protection.
You barely miss the two-headed ogre with your +1 war axe.
You miss the killer bee with your +1 war axe.
You block the killer bee's attack. The two-headed ogre closely misses you.
The two-headed ogre hits you with a +0 giant club!!
You die...

Skill      XL: |  1  2  3  4  5  6  7  8  9 10 |
---------------+-------------------------------+-----
Dodging        | 3 4 5 6 7 8 |  8.2
Fighting       | 3 4 5 6 8 |  8.7
Armour         | 1 2 3 4 5 |  5.0
Axes           | 4 5 6 |  6.4
Throwing       | |  1.7

Action                     |  1- 3 |  4- 6 |  7- 9 | 10-12 || total
---------------------------+-------+-------+-------+-------++-------
  Melee: War axe           |    73 |   128 |   372 |   129 ||   702
         Hand axe          |       |    33 |       |       ||    33
         Unarmed           |       |    13 |       |       ||    13
  Throw: Dart              |       |     2 |       |       ||     2
Ability: Lunge             |       |       |     5 |     4 ||     9
         Whirlwind         |       |       |       |     2 ||     2
  Evoke: Wand              |       |       |     7 |       ||     7
    Use: Scroll            |     6 |     2 |    13 |     2 ||    23
         Potion            |       |       |       |     2 ||     2
   Stab: Sleeping          |     1 |       |       |       ||     1
         Paralysed         |       |       |     7 |       ||     7
 Armour: Leather armour    |    56 |    55 |       |       ||   111
         Skin              |       |     5 |       |       ||     5
         Chain mail        |       |    24 |   173 |   103 ||   300
  Dodge: Dodged            |    56 |    78 |   102 |    49 ||   285
  Block: Other             |       |    13 |    65 |    20 ||    98
         Reflection        |       |       |     5 |       ||     5

Levels and vault maps discovered:
D:1:      dpeg_arrival_rooms_with_view, layout_basic, serial_shops,
          nicolae_shop_rolling_square, basic_ecumenical_altar,
          minmay_misc_feat_secret_circle
D:2:      layout_loops_corners, basic_altar, nicolae_figureground_sparkle,
          uniq_jessica, uniq_robin
D:3:      wad_crossroads, layout_basic, gammafunk_temple_overflow_wave,
          uniq_ijyb, uniq_natasha
D:4:      layout_layer_cave, nicolae_overflow_hidden_temple,
          kennysheep_small_circle
D:5:      layout_cave_pools, grunt_temple_overflow_opulence
D:6:      layout_basic, regret_index_temple_of_mockery,
          chequers_serial_rivers_micro_a, uniq_menkaure, uniq_eustachio
D:7:      layout_basic, minmay_temple_entry_large_hall, uniq_jeremiah
D:8:      layout_basic, marbit_many_paths
D:9:      layout_irregular_city, nicolae_dithmenos_through_a_glass_darkly,
          due_lair_maze_entry_diamond, serial_shops, nicolae_take_the_stairs,
          st_stairs_13, chequers_guarded_unrand_ignorance
Temple:   hc_temple_tempest_star

Notes
Turn   | Place    | Note
-------+----------+-------------------------------------------
     0 | D:1      | Ambrosia the Coglin Gladiator began the quest for the Orb.
     0 | D:1      | Reached XP level 1. HP: 16/16 MP: 1/1
     0 | D:1      | magus.rc [v1.11.6]
     7 | D:1      | magus.rc [v1.11.6]
   316 | D:1      | Reached XP level 2. HP: 21/22 MP: 2/2
   351 | D:1      | Reached skill level 3 in Dodging
   398 | D:1      | Found Huad's Weapon Shoppe.
   499 | D:1      | Found a faded altar of an unknown god.
   502 | D:1      | Reached XP level 3. HP: 28/28 MP: 3/3
   684 | D:2      | Noticed Robin
   879 | D:2      | Killed Robin
  1039 | D:2      | Found an opulent altar of Gozag.
  1144 | D:2      | Reached skill level 3 in Fighting
  1152 | D:2      | Reached skill level 1 in Armour
  1152 | D:2      | Reached XP level 4. HP: 35/35 MP: 4/4
  1919 | D:2      | Noticed Jessica
  1924 | D:2      | Killed Jessica
  1925 | D:2      | Reached XP level 5. HP: 41/41 MP: 5/5
  2009 | D:1      | Bought a +0 heavy hand axe for 74 gold pieces
  2014 | D:1      | magus.rc [v1.11.6]
  2046 | D:3      | Noticed Ijyb
  2046 | D:3      | Paralysed by Ijyb for 5 turns
  2055 | D:3      | Killed Ijyb
  2230 | D:3      | Noticed Natasha
  2240 | D:3      | Killed Natasha
  2401 | D:3      | Noticed Natasha
  2414 | D:3      | Killed Natasha
  2415 | D:3      | Reached skill level 4 in Dodging
  2415 | D:3      | Reached XP level 6. HP: 32/48 MP: 6/6
  2683 | D:3      | Reached skill level 4 in Fighting
  2798 | D:3      | Noticed Natasha
  2801 | D:3      | Killed Natasha
  2819 | D:3      | Reached skill level 2 in Armour
  3074 | D:3      | Found a shimmering blue altar of Sif Muna.
  3074 | D:3      | Found an iron altar of Okawaru.
  3487 | D:4      | Found Dajaisch's Distillery.
  3499 | D:4      | Reached skill level 4 in Axes
  3505 | D:4      | Reached XP level 7. HP: 40/55 MP: 7/7
  3643 | D:4      | Found a burning altar of Makhleb.
  4053 | D:4      | You add the spells Tukima's Dance, Passage of Golubria and
                  | Yara's Violent Unravelling to your library.
  4449 | D:5      | Entered Level 5 of the Dungeon
  4467 | D:5      | Reached skill level 5 in Fighting
  4473 | D:5      | Reached skill level 5 in Dodging
  4614 | D:5      | Reached XP level 8. HP: 30/63 MP: 8/8
  4944 | D:5      | Reached skill level 3 in Armour
  4944 | D:5      | magus.rc [v1.11.6]
  5139 | D:5      | Found a sparkling altar of Nemelex Xobeh.
  5141 | D:5      | Found an opulent altar of Gozag.
  5173 | D:6      | Noticed Menkaure
  5173 | D:6      | Noticed Eustachio
  5184 | D:6      | Killed Menkaure
  5185 | D:6      | Reached skill level 6 in Fighting
  5199 | D:6      | Killed Eustachio
  5200 | D:6      | Reached skill level 5 in Axes
  5200 | D:6      | Reached skill level 6 in Dodging
  5305 | D:6      | Found a shimmering altar of Xom.
  5306 | D:6      | Found a hazy altar of Hepliaklqana.
  6070 | D:6      | Noticed a spectral ugly thing
  6327 | D:7      | Found a staircase to the Ecumenical Temple.
  6327 | D:7      | Noticed Jeremiah
  6333 | D:7      | Reached XP level 9. HP: 71/71 MP: 9/9
  6350 | D:7      | Killed Jeremiah
  6351 | D:7      | Reached skill level 7 in Fighting
  6351 | D:7      | Reached skill level 4 in Armour
  6494 | Temple   | Entered the Ecumenical Temple
  6505 | Temple   | Became a worshipper of the Wu Jian Council
  6702 | D:7      | Reached skill level 7 in Dodging
  7343 | D:8      | Reached skill level 8 in Fighting
  7343 | D:8      | Reached skill level 6 in Axes
  7361 | D:8      | Reached * piety under Wu Jian
  7748 | D:8      | Reached XP level 10. HP: 64/82 MP: 10/10
  7804 | D:8      | Found a white marble altar of Elyvilon.
  8182 | D:9      | Found a runed translucent door.
  8189 | D:9      | Found the +10 tower shield of Ignorance {rN+ Int-4}
  8202 | D:9      | Reached skill level 8 in Dodging
  8229 | D:9      | Reached skill level 5 in Armour
  8262 | D:9      | Noticed an orange crystal statue
  8262 | D:9      | Noticed an orange crystal statue
  8262 | D:9      | Noticed an orange crystal statue
  8262 | D:9      | Noticed an orange crystal statue
  8384 | D:9      | Found a runed translucent door.
  8386 | D:9      | Noticed a two-headed ogre
  8390 | D:9      | HP: 19/78 [two-headed ogre/+0 giant spiked club[an orange
                  | crystal statue] (9)]
  8392 | D:9      | HP: 5/78 [two-headed ogre/+0 giant spiked club[an orange
                  | crystal statue] (8)]
  8402 | D:9      | HP: 3/78 [killer bee[an orange crystal statue] (4)]
  8407 | D:9      | HP: 3/78 [something (2)]
  8412 | D:9      | Mangled by a two-headed ogre

Vanquished Creatures
  Jeremiah (D:7)
  A wyvern (D:8)
  Eustachio (D:6)
  Menkaure (D:6)
  2 water moccasins (D:8)
  2 black bears
  An orc warrior (D:7)
  A sky beast (D:7)
  An ogre (D:6)
  A centaur (D:7)
  3 kobold brigands
  3 bullfrogs
  2 gnoll sergeants
  2 scorpions
  4 wights (D:9)
  5 howler monkeys
  A bombardier beetle (D:5)
  7 orc priests
  A gnoll bouda (D:7)
  5 hounds
  2 jellies
  2 sleepcaps
  Jessica (D:2)
  2 iguanas
  Ijyb (D:3)
  9 orc wizards
  Natasha (thrice) (D:3)
  Robin (D:2)
  23 gnolls
  6 adders
  2 white imps
  2 ufetubi (D:5)
  2 dart slugs
  5 ribbon worms
  23 orcs
  9 bats
  8 endoplasms
  5 giant cockroaches
  15 goblins
  7 hobgoblins
  3 jackals (D:2)
  5 quokkas
  10 ball pythons
  4 frilled lizards
  16 kobolds
  5 rats
216 creatures vanquished.

Table legend:
 A = Non-vault XP
 B = Vault XP
 C = Vault XP percentage of total XP
 D = Non-vault monster count
 E = Vault monster count
 F = Vault count percentage of total count
                 A         B        C        D         E       F
            +---------+---------+-------+---------+---------+-------
      Total |    4235 |    1226 |  22.5 |     187 |      29 |  13.4
            +---------+---------+-------+---------+---------+-------
        D:1 |      32 |       5 |  13.5 |      17 |       3 |  15.0
        D:2 |      70 |      73 |  51.0 |      25 |      12 |  32.4
        D:3 |     211 |      89 |  29.7 |      27 |       6 |  18.2
        D:4 |     163 |      15 |   8.4 |      16 |       2 |  11.1
        D:5 |     704 |       0 |   0.0 |      33 |       0 |   0.0
        D:6 |     501 |     369 |  42.4 |       8 |       2 |  20.0
        D:7 |    1211 |     358 |  22.8 |      32 |       1 |   3.0
        D:8 |     796 |     100 |  11.2 |      16 |       1 |   5.9
        D:9 |     547 |     217 |  28.4 |      13 |       2 |  13.3
            +---------+---------+-------+---------+---------+-------

Skill      XL: |  1  2  3  4  5  6  7  8  9 10 |
---------------+-------------------------------+-----
Dodging        | 3 4 5 6 7 8 |  8.2
Fighting       | 3 4 5 6 8 |  8.7
Armour         | 1 2 3 4 5 |  5.0
Axes           | 4 5 6 |  6.4
Throwing       | |  1.7

Action                     |  1- 3 |  4- 6 |  7- 9 | 10-12 || total
---------------------------+-------+-------+-------+-------++-------
  Melee: War axe           |    73 |   128 |   372 |   129 ||   702
         Hand axe          |       |    33 |       |       ||    33
         Unarmed           |       |    13 |       |       ||    13
  Throw: Dart              |       |     2 |       |       ||     2
Ability: Lunge             |       |       |     5 |     4 ||     9
         Whirlwind         |       |       |       |     2 ||     2
  Evoke: Wand              |       |       |     7 |       ||     7
    Use: Scroll            |     6 |     2 |    13 |     2 ||    23
         Potion            |       |       |       |     2 ||     2
   Stab: Sleeping          |     1 |       |       |       ||     1
         Paralysed         |       |       |     7 |       ||     7
 Armour: Leather armour    |    56 |    55 |       |       ||   111
         Skin              |       |     5 |       |       ||     5
         Chain mail        |       |    24 |   173 |   103 ||   300
  Dodge: Dodged            |    56 |    78 |   102 |    49 ||   285
  Block: Other             |       |    13 |    65 |    20 ||    98
         Reflection        |       |       |     5 |       ||     5

Illustrated notes

Table legend:
 A = Kills in this place as a percentage of kills in the entire game.
 B = Kills by you in this place as a percentage of kills by you in the entire game.
 C = Kills by friends in this place as a percentage of kills by friends in the entire game.
 D = Other kills in this place as a percentage of other kills in the entire game.
 E = Experience gained in this place as a percentage of experience gained in the entire game.
 F = Experience gained in this place divided by the number of levels of this place that you have seen.
                   A       B       C       D       E      F
               +-------+-------+-------+-------+-------+----------------------
         Total | 100.0 | 100.0 |   N/A |   N/A | 100.0 | 546.1
       Dungeon | 100.0 | 100.0 |   N/A |   N/A | 100.0 | 606.8
               +-------+-------+-------+-------+-------+----------------------

Table legend: (Time is in decaauts)
 A = Elapsed time spent in this place.
 B = Non-inter-level travel time spent in this place.
 C = Inter-level travel time spent in this place.
 D = Time resting spent in this place.
 E = Time spent auto-exploring this place.
 F = Levels seen in this place.
 G = Mean time per level.
                   A        B        C        D        E       F      G
               +--------+--------+--------+--------+--------+-----+--------+
         Total |   8534 |   8225 |    309 |    907 |   6009 |  10 |  853.4 |
       Dungeon |   8508 |   8199 |    309 |    907 |   6009 |   9 |  945.3 |
        Temple |     25 |     25 |      0 |      0 |      0 |   1 |   25.0 |
               +--------+--------+--------+--------+--------+-----+--------+

Top non-repeatable levels by time:
     D:4: 1244 daAuts
     D:2: 1207 daAuts
     D:3: 1180 daAuts
     D:6: 1086 daAuts
     D:7: 920 daAuts
     D:8: 904 daAuts
     D:1: 884 daAuts
     D:5: 738 daAuts
     D:9: 341 daAuts
  Temple: 25 daAuts
